 Dungeon Sprint DCSS version 0.22-a0-398-g8bb545f (webtiles) character file.

38 emperorscorpion the Firebug (level 3, -7/20 HPs)
             Began as a Deep Elf Fire Elementalist on May 4, 2018.
             Was an Initiate of Sif Muna.
             Killed by divine providence
             ... invoked by an orc priest
              (16 damage)
             ... in the Dungeon (Sprint IX: "|||||||||||||||||||||||||||||").
             The game lasted 00:01:52 (652 turns).

emperorscorpion the Firebug (DEFE)                   Turns: 652, Time: 00:01:54

Health: -7/20      AC:  2    Str: 11    XL:     3   Next: 25%
Magic:  6/11       EV: 14    Int: 20    God:    Sif Muna [......]
Gold:   0          SH:  0    Dex: 15    Spells: 8/12 levels left

rFire    . . .     SeeInvis .   a - +2 rapier (venom)
rCold    . . .     Gourm    .   (no shield)
rNeg     . . .     Faith    .   n - +0 robe
rPois    .         Spirit   .   (no helmet)
rElec    .         Reflect  .   (no cloak)
rCorr    .         Harm     .   (no gloves)
MR       .....     NoTele   +   (no boots)
Stlth    ++........             (no amulet)
HPRegen  0.06/turn              q - +3 ring of strength
MPRegen  0.12/turn              r - +3 ring of strength

@: no status effects
A: no striking features
a: Renounce Religion


You were in the Dungeon.
You worshipped Sif Muna.
Sif Muna was noncommittal.
You were not hungry.

You visited 1 branch

Inventory:

Hand Weapons
 a - a +2 rapier of venom (weapon)
Armour
 n - a +0 robe (worn)
 o - a +0 pair of gloves
 p - a +1 scale mail
Magical Staves
 b - an uncursed staff of energy
Jewellery
 q - a +3 ring of strength (left hand)
 r - a +3 ring of strength (right hand)
Wands
 m - a wand of iceblast (9)
Scrolls
 e - 3 scrolls of remove curse
 i - 2 scrolls of blinking
 j - 2 scrolls of amnesia
Potions
 d - 5 potions of curing
 f - a potion of haste
 g - 4 potions of magic
 h - a potion of berserk rage
 k - a potion of invisibility
 l - 2 potions of heal wounds
Comestibles
 c - a ration


   Skills:
 + Level 0.4 Fighting
 + Level 3.5 Dodging
 + Level 2.9 Stealth
 + Level 5.1 Spellcasting
 + Level 2.1 Conjurations
 + Level 6.0 Fire Magic


You had 8 spell levels left.
You knew the following spells:

 Your Spells              Type           Power        Failure   Level  Hunger
a - Flame Tongue          Conj/Fire      ###..        2%          1    None
b - Conjure Flame         Conj/Fire      ###.....     6%          3    ##.....


Dungeon Overview and Level Annotations

Branches:
Dungeon (1/1)

Altars:
Cheibriados
Dithmenos
Elyvilon
Fedhas
Gozag
Hepliaklqana
Kikubaaqudgha
Makhleb
Nemelex Xobeh
Okawaru
Qazlal
Ru
Sif Muna
Trog
Uskayaw
Vehumet
Wu Jian
Xom
Yredelemnul
Zin
The Shining One
Beogh
Jiyva
Lugonu


Message History

The orc priest begins to cast a cantrip, but forgets the words!
The crimson imp barely misses you.
The crimson imp hits you but does no damage.
Casting: Conjure Flame (safe; 6% risk of failure)
Confirm with . or Enter, or press ? or * to list all spells.
Aiming: Conjure Flame (safe; 6% risk of failure)
Press: ? - help, Dir - move target cursor The fire ignites!
The crimson imp barely misses you.
The orc priest looks braver for a moment.
You barely miss the crimson imp.
The crimson imp is heavily wounded.
The crimson imp looks more healthy.
The crimson imp closely misses you.
The wyvern hisses menacingly.
You hit the crimson imp.
The crimson imp is almost dead.
The howler monkey hoots and howls with incredible vigour!
The orc priest calls down the wrath of Beogh upon you.
Beogh smites you!
Ouch! That really hurt!
You die...

▓.▓
▓.▓
▓l▓
▓o▓
▓h▓
▓T▓
▓§▓
▓@▓
▓5▓
▓.▓
▓.▓
▓[▓
▓)▓
▓.▓
▓.▓
▓.▓


You could see a troll, a wyvern, a howler monkey, an orc priest and a crimson
imp.

Vanquished Creatures
  An orc wizard (D)
  2 orcs (D)
  A bat zombie (D)
  A goblin (D)
  2 jackals (D)
  2 quokkas (D)
  2 rats (D)
11 creatures vanquished.

Notes
Turn   | Place    | Note
-------+----------+-------------------------------------------
     0 | D        | emperorscorpion the Deep Elf Fire Elementalist began the quest for the Orb.
     0 | D        | Reached XP level 1. HP: 10/10 MP: 6/6
    12 | D        | Reached skill level 4 in Fire Magic
   268 | D        | Noticed an orc wizard
   272 | D        | Reached XP level 2. HP: 15/15 MP: 2/8
   337 | D        | Reached skill level 5 in Spellcasting
   337 | D        | Reached skill level 5 in Fire Magic
   337 | D        | Reached XP level 3. HP: 1/20 MP: 3/11
   350 | D        | Found a roughly hewn altar of Beogh.
   350 | D        | Found a snail-covered altar of Cheibriados.
   350 | D        | Found a shadowy altar of Dithmenos.
   350 | D        | Found a white marble altar of Elyvilon.
   350 | D        | Found a blossoming altar of Fedhas.
   350 | D        | Found an opulent altar of Gozag.
   351 | D        | Found a hazy altar of Hepliaklqana.
   352 | D        | Found a viscous altar of Jiyva.
   353 | D        | Found an ancient bone altar of Kikubaaqudgha.
   354 | D        | Found a corrupted altar of Lugonu.
   355 | D        | Found a burning altar of Makhleb.
   356 | D        | Found a sparkling altar of Nemelex Xobeh.
   357 | D        | Found an iron altar of Okawaru.
   358 | D        | Found a stormy altar of Qazlal.
   359 | D        | Found a sacrificial altar of Ru.
   360 | D        | Found a deep blue altar of Sif Muna.
   361 | D        | Found a bloodstained altar of Trog.
   362 | D        | Found a hide-covered altar of Uskayaw.
   363 | D        | Found a radiant altar of Vehumet.
   364 | D        | Found an ornate altar of the Wu Jian Council.
   365 | D        | Found a shimmering altar of Xom.
   366 | D        | Found a basalt altar of Yredelemnul.
   367 | D        | Found a glowing silver altar of Zin.
   368 | D        | Became a worshipper of Sif Muna the Loreminder
   369 | D        | Found a glowing golden altar of the Shining One.
   410 | D        | Learned a level 3 spell: Conjure Flame
   639 | D        | Noticed a wyvern
   639 | D        | Noticed a troll
   646 | D        | Reached skill level 6 in Fire Magic
   652 | D        | Killed from afar by an orc priest

Vault maps used:
D:        linesprint

Skill      XL: |  1  2  3 |
---------------+----------+-----
Fire Magic     | 4 5 6 |  6.0
Dodging        | 3 |  3.5
Spellcasting   | 5 |  5.1
Conjurations   | 2 |  2.1
Fighting       | |  0.4
Stealth        | |  2.9

Action                   || total
-------------------------++-------
Melee: Unarmed           ||    24
       Rapier            ||    10
 Cast: Flame Tongue      ||    16
       Conjure Flame     ||     2
Evoke: Wand              ||     1
  Use: Potion            ||     1
Armor: Robe              ||     9
Dodge: Dodged            ||    25

Table legend:
 A = Spawn XP
 B = Non-spawn XP
 C = Spawn XP percentage of total XP
 D = Spawn monster count
 E = Non-spawn monster count
 F = Spawn count percentage of total count
 G = Total turns spent on level
                    A         B        C        D         E        F      G
               +---------+---------+-------+---------+---------+-------+---------
         Total |       0 |      55 |   0.0 |       0 |      11 |   0.0 |   652
               +---------+---------+-------+---------+---------+-------+---------
             D |       0 |      55 |   0.0 |       0 |      11 |   0.0 |   652
               +---------+---------+-------+---------+---------+-------+---------
